 Dungeon Crawl Stone Soup version 0.29-a0-609-gb56f46d856 (webtiles) character file.

Game seed: 1718053285677913120

49 Ijustatesigmund the Digger (level 3, 0/20 (25) HPs)
             Began as a Gnoll Earth Elementalist on June 16, 2022.
             Slain by a kobold
             ... wielding a +2 short sword of draining
              (6 damage)
             ... on level 3 of the Dungeon.
             The game lasted 00:03:00 (1886 turns).

Ijustatesigmund the Digger (GnEE)                   Turns: 1886, Time: 00:03:01

HP:   0/20 (25)     AC:  3    Str:  7    XL:     3   Next: 77%
MP:   9/9           EV: 10    Int: 16    God:
Gold: 119           SH:  0    Dex: 12    Spells: 9/12 levels left

rFire   + . .      SeeInvis .   c - +0 spear (flame)
rCold   . . .      Faith    .   (no shield)
rNeg    . . .      Spirit   .   a - +1 robe
rPois   .          Reflect  .   (no helmet)
rElec   .          Harm     .   (no cloak)
rCorr   .          Rampage  .   (no gloves)
Will    .....                   (no boots)
Stlth   ++........              (no amulet)
HPRegen 0.06/turn               j - ring of protection from fire
MPRegen 0.11/turn               (no ring)

@: constricted, studying Unarmed Combat, heavily drained
A: fangs 1, strong nose, distributed training
a: no special abilities


You were on level 3 of the Dungeon.
You visited 1 branch of the dungeon, and saw 3 of its levels.

You collected 119 gold pieces.

Inventory:

Hand Weapons
 c - a +0 spear of flaming (weapon)
Armour
 a - a +1 robe (worn)
Jewellery
 j - a ring of protection from fire (left hand)
Scrolls
 d - 2 scrolls of blinking
 e - 2 scrolls of identify
 f - a scroll of magic mapping
 i - a scroll of teleportation
Potions
 b - a potion of magic
 h - a potion of berserk rage
 k - a potion of lignification {unknown}


   Skills:
 + Level 0.9 Fighting
 + Level 0.9 Short Blades
 + Level 0.9 Long Blades
 + Level 0.9 Axes
 + Level 0.9 Maces & Flails
 + Level 0.9 Polearms
 + Level 0.9 Staves
 + Level 0.9 Slings
 + Level 0.9 Bows
 + Level 0.9 Crossbows
 + Level 0.9 Throwing
 + Level 0.9 Armour
 + Level 4.5 Dodging
 + Level 4.2 Stealth
 + Level 0.9 Shields
 + Level 1.1 Unarmed Combat
 + Level 5.0 Spellcasting
 + Level 0.6 Conjurations
 + Level 0.6 Hexes
 + Level 0.6 Summonings
 + Level 0.6 Necromancy
 + Level 0.6 Translocations
 + Level 2.1 Transmutations
 + Level 0.6 Fire Magic
 + Level 0.6 Ice Magic
 + Level 0.6 Air Magic
 + Level 5.4 Earth Magic
 + Level 0.6 Poison Magic
 + Level 1.0 Invocations
 + Level 0.9 Evocations


You had 9 spell levels left.
You knew the following spells:

 Your Spells              Type           Power      Damage    Failure   Level
a - Sandblast             Erth           42%        2d11      1%          1
b - Passwall              Tmut/Erth      13%        N/A       4%          2

Your spell library contained the following spells:

 Spells                   Type           Power      Damage    Failure   Level
 Stone Arrow              Conj/Erth      26%        3d8       13%         3
 Petrify                  Tmut/Erth      16%        N/A       32%         4


Dungeon Overview and Level Annotations

Branches:
Dungeon (3/15)

Altars:

Shops:
D:1 [*


Innate Abilities, Weirdness & Mutations

You have very sharp teeth.
Your uncanny sense of smell can sniff out nearby items.
Your experience applies equally to all skills.


Message History

A goblin and a kobold come into view.
The kobold is wielding a +2 short sword of draining.
The ball python hisses angrily.
The ball python closely misses you. The ball python grabs you.
The ball python constricts you.
You closely miss the ball python. The ball python barely misses you.
The ball python constricts you.
The goblin shouts!
You hit the ball python. You burn the ball python.
The ball python is heavily wounded.
The ball python barely misses you. The ball python constricts you.
The kobold hits you with a +2 short sword of draining.
You feel drained.
You hit the ball python but do no damage.
The ball python is heavily wounded.
The ball python bites you but does no damage.
The ball python constricts you.
The kobold hits you with a +2 short sword of draining.
You feel drained.
You barely miss the ball python.
The ball python is heavily wounded.
The ball python bites you. The ball python constricts you.
The kobold hits you with a +2 short sword of draining.
You feel drained. The goblin hits you but does no damage.
The ball python closely misses you. The ball python constricts you.
You closely miss the ball python.
The ball python is heavily wounded.
The goblin hits you but does no damage.
The kobold hits you with a +2 short sword of draining.
* * * LOW HITPOINT WARNING * * *
You feel drained.
* * * LOW HITPOINT WARNING * * *
The ball python bites you.
* * * LOW HITPOINT WARNING * * *
The ball python constricts you.
You feel better. The ball python bites you.
* * * LOW HITPOINT WARNING * * *
The ball python constricts you.
The kobold hits you with a +2 short sword of draining.
You die...

#################
#................
#.###############
#.# #.###.#
#...@.# #..KSg#
#########
...........
.........
.#.#.....###
#...... # #.....#
#...... ......#
#...... .#.#####
#...... ..#.
#......
############......


You could see a goblin, a ball python and a kobold.

Vanquished Creatures
  An adder (D:2)
  A worm (D:2)
  A dart slug (D:1)
  5 bats
  3 endoplasms
  A giant cockroach (D:1)
  4 goblins
  A hobgoblin (D:1)
  5 kobolds
  4 ball pythons
  2 frilled lizards
  8 rats
36 creatures vanquished.

Notes
Turn   | Place    | Note
-------+----------+-------------------------------------------
     0 | D:1      | Ijustatesigmund the Gnoll Earth Elementalist began the
                  | quest for the Orb.
     0 | D:1      | Reached XP level 1. HP: 13/13 MP: 6/6
   146 | D:1      | Found Kusuh's Assorted Antiques.
   198 | D:1      | Reached XP level 2. HP: 20/20 MP: 4/7
   239 | D:1      | Learned a level 2 spell: Passwall
   673 | D:1      | Found Xifodeen's Antique Armour Emporium.
   825 | D:1      | Reached XP level 3. HP: 25/25 MP: 9/9
   850 | D:1      | Reached skill level 5 in Spellcasting
  1137 | D:2      | Reached skill level 1 in Unarmed Combat
  1226 | D:2      | Reached skill level 1 in Invocations
  1885 | D:3      | HP: 1/20 [ball python (3)]
  1886 | D:3      | Slain by a kobold

Illustrated notes

Levels and vault maps discovered:
D:1:      moated_graveyard_arrival, layout_basic, serial_shops, shop, shop,
          minmay_small_reverse_x
D:2:      layout_basic
D:3:      layout_basic, nicolae_overflow_ecumenical_swirl,
          shapermc_ecumenical_altar_mp_vishouse, biasface_ghost_orc_armoury,
          minmay_randomly_rotated_circles

Skill      XL: |  1  2  3 |
---------------+----------+-----
Transmutations | 2 |  2.1
Spellcasting   | 5 |  5.0
Unarmed Combat | 1 |  1.1
Invocations    | 1 |  1.0
Fighting       | |  0.9
Short Blades   | |  0.9
Long Blades    | |  0.9
Axes           | |  0.9
Maces & Flails | |  0.9
Polearms       | |  0.9
Staves         | |  0.9
Slings         | |  0.9
Bows           | |  0.9
Crossbows      | |  0.9
Throwing       | |  0.9
Armour         | |  0.9
Dodging        | |  4.5
Stealth        | |  4.2
Shields        | |  0.9
Conjurations   | |  0.6
Hexes          | |  0.6
Summonings     | |  0.6
Necromancy     | |  0.6
Translocations | |  0.6
Fire Magic     | |  0.6
Ice Magic      | |  0.6
Air Magic      | |  0.6
Earth Magic    | |  5.4
Poison Magic   | |  0.6
Evocations     | |  0.9

Action                   || total
-------------------------++-------
Melee: Spear             ||    92
       Bite              ||     3
       Punch             ||     1
 Cast: Sandblast         ||    15
  Use: Scroll            ||     9
       Potion            ||     1
 Stab: Sleeping          ||    12
Armor: Robe              ||    20
Dodge: Dodged            ||    43

Table legend: (Time is in decaauts)
 A = Elapsed time spent in this place.
 B = Non-inter-level travel time spent in this place.
 C = Inter-level travel time spent in this place.
 D = Time resting spent in this place.
 E = Time spent auto-exploring this place.
 F = Levels seen in this place.
 G = Mean time per level.
                   A        B        C        D        E       F      G
               +--------+--------+--------+--------+--------+-----+--------+
         Total |   1905 |   1866 |     39 |     57 |   1484 |   3 |  635.0 |
       Dungeon |   1905 |   1866 |     39 |     57 |   1484 |   3 |  635.0 |
               +--------+--------+--------+--------+--------+-----+--------+

Top non-repeatable levels by time:
     D:1: 1095 daAuts
     D:2: 648 daAuts
     D:3: 161 daAuts
